 Dungeon Crawl Stone Soup version 0.30-a0-469-g84de5afbc5 (webtiles) character file.

Game seed: 14403352014219316759

814 ytrimaz the Chopper (level 7, -9/64 HPs)
             Began as a Minotaur Chaos Knight on Dec 19, 2022.
             Was a Plaything of Xom.
             Mangled by an ogre
             ... wielding a +0 giant spiked club
              (24 damage)
             ... on level 6 of the Dungeon.
             The game lasted 00:04:20 (3671 turns).

ytrimaz the Chopper (Minotaur Chaos Knight)         Turns: 3671, Time: 00:04:21

Health: -9/64      AC:  5    Str: 17      XL:     7   Next: 62%
Magic:  6/6        EV: 11    Int:  8 (9)  God:    Xom [.*....]
Gold:   146        SH:  0    Dex:  8 (9)  Spells: 6/6 levels left

rFire   . . .      SeeInvis .    h - +0 war axe
rCold   . . .      Faith    .    (no shield)
rNeg    . . .      Spirit   .    b - +2 leather armour
rPois   .          Reflect  .    (helmet restricted)
rElec   .          Harm     .    (no cloak)
rCorr   .          Rampage  .    (no gloves)
Will    .....                    (no boots)
Stlth   +.........               (no amulet)
HPRegen 0.30/turn                (no ring)
MPRegen 0.10/turn                (no ring)

@: no status effects
A: horns 2, retaliatory headbutt, deterioration 1, weak 1
a: Renounce Religion


You were on level 6 of the Dungeon.
You worshipped Xom.
You were a plaything of Xom.
You visited 1 branch of the dungeon, and saw 5 of its levels.
You also visited: Ossuary.

You collected 146 gold pieces.


Innate Abilities, Weirdness & Mutations

You have a pair of horns on your head.
You reflexively headbutt those who attack you in melee.
Your body sometimes deteriorates upon taking damage.
You are weak. (Str -2)


   Skills:
 + Level 6.9 Fighting
 + Level 7.0 Axes
 + Level 6.3 Armour
 - Level 1.1 Dodging


You had 6 spell levels left.
You didn't know any spells.
Your spell library contained the following spells:

 Spells                   Type           Power      Damage    Failure   Level
 Summon Small Mammal      Summ           0%         N/A       45%         1
 Static Discharge         Conj/Air       0%         2-2/arc   61%         2
 Call Canine Familiar     Summ           0%         N/A       83%         3
 Summon Guardian Golem    Hex/Summ       0%         N/A       83%         3
 Leda's Liquefaction      Hex/Erth       0%         N/A       99%         4
 Manifold Assault         Tloc           0%         N/A       99%         4
 Fireball                 Conj/Fire      0%         3d3       100%        5
 Lee's Rapid Deconstruct  Erth           0%         3d4*      100%        5
 Silence                  Hex/Air        0%         N/A       100%        5
 Dispersal                Tloc           0%         N/A       100%        6
 Statue Form              Tmut/Erth      0%         N/A       100%        6
 Enfeeble                 Hex            0%         N/A       100%        7
 Disjunction              Tloc           0%         N/A       100%        8

Inventory:

Hand Weapons
 a - a +0 hand axe of chaos
 h - a +0 war axe (weapon)
   (You found it on level 2 of the Dungeon)
Armour
 b - a +2 leather armour (worn)
Scrolls
 f - a scroll of teleportation
 j - a scroll of magic mapping
 l - a scroll of poison {unknown}
 n - a scroll of fog
 p - a scroll of enchant armour {unknown}
Potions
 d - 2 potions of brilliance {unknown}
 e - 4 potions of curing
 g - a potion of haste {unknown}
 k - 3 potions of mutation {unknown}
 m - 2 potions of ambrosia {unknown}
 o - a potion of berserk rage {unknown}
Miscellaneous
 c - a piece from Xom's chessboard (15/15)

Dungeon Overview and Level Annotations

Branches:
Dungeon (6/15) Zot: 26715  Temple (0/1) D:5         Ossuary (visited)

Altars:
Elyvilon
Xom

#.........###.
#.............
##########.........###.
..................#
#......b.........#
#......?.........#
##................#
#...b.b.............#
#....@.b.........##..#
#...OS.b...#.#...# #.#
...........###.#.(..#
.# ....S......#
#.#..#... #
...(#####..# #.##.####
..#. #.## . # .# .#


You could see an ogre (ally target) and 2 adders.


Message History

Your leather armour briefly grows fur, then returns to normal.
A phantom comes into view.
A phantom is nearby!
A phantom is nearby!
An ogre comes into view. It is wielding a +0 giant club.
The ogre shouts!
The phantom barely misses you.
You slash the phantom! You headbutt the phantom. The phantom hits you.
The phantom blinks!
You blink.
The phantom hits you!
The phantom blinks!
You blink. 😕 HP[-10]
You take 10 damage, and now have 54/64 hp.
You hit the phantom but do no damage. Your headbutt misses the phantom.
The phantom closely misses you.
You hit the phantom but do no damage. Your headbutt misses the phantom.
The phantom barely misses you. You furiously retaliate!
You headbutt the phantom!
Unknown command.
You slash the phantom!
You destroy the phantom!
Your Armour skill increases to level 6! 😕 HP[+1]
You hit the ogre.
The ogre hits you with a +0 giant club! 😮 HP[-17]
You take 17 damage, and now have 38/64 hp.
MASSIVE DAMAGE!! (PAUSE)
You are too injured to fight recklessly!
You slash the ogre!
The ogre hits you with a +0 giant club!!
* * * LOW HITPOINT WARNING * * *
Your body deteriorates!
You feel dopey. 😨 HP[-19]
You take 19 damage, and now have 19/64 hp.
MASSIVE DAMAGE!! (PAUSE)
You barely miss the ogre. You headbutt the ogre!
The ogre hits you with a +0 giant club!
* * * LOW HITPOINT WARNING * * *
Your body deteriorates!
You feel dopey. 😱 HP[-15]
You take 15 damage, and now have 4/64 hp.
MASSIVE DAMAGE!! (PAUSE) Unknown command.
You hit the ogre.
Unknown command.
You hit the ogre.
You kill the ogre!
You feel your intelligence returning.
Your Axes skill increases to level 7! 😱 HP[+1] Unknown command.
Key pressed, stopping explore.
Unknown command.
Key pressed, stopping explore.
You see here a +0 giant club.
Key pressed, stopping explore.
There is a stone staircase leading up here.
You open the door.
Done exploring. 😎 HP[+59]
Your hp is fully restored (64).
There is an open door here.
There is an escape hatch in the floor here.
There is an open door here.
There is a stone staircase leading down here.
You climb downwards.
There is a stone staircase leading up here.
l - a scroll labelled ZAEPOZAWNE
p - a scroll labelled WUKHU FAIMIW An ogre comes into view.
It is wielding a +0 giant spiked club.
You see here a scroll of teleportation.
An ogre is nearby!
Okay, then.
The ogre shouts!
An adder comes into view.
The adder hisses angrily.
Throw: throwing net
Press: ? - help, Q - select action, (/) - cycle Shift-Dir - straight line, f - ogre
Aim: an ogre, wielding a +0 giant spiked club (73% to hit)
You throw a throwing net.
The throwing net barely misses the ogre.
An adder comes into view.
The ogre hits you with a +0 giant spiked club!!
Your body deteriorates!
You feel clumsy.
A shower of butterflies erupts from you! 😮 HP[-21]
You take 21 damage, and now have 43/64 hp.
MASSIVE DAMAGE!! (PAUSE)
You barely miss the ogre. Your headbutt misses the ogre.
You barely miss the ogre. You punch the ogre.
The ogre hits you with a +0 giant spiked club!!
* * * LOW HITPOINT WARNING * * *
😱 HP[-28]
You take 28 damage, and now have 15/64 hp.
MASSIVE DAMAGE!! (PAUSE)
You slash the ogre! You headbutt the ogre.
The ogre hits you with a +0 giant spiked club!!
You die...
Xom roars with laughter!

Skill      XL: |  1  2  3  4  5  6  7 |
---------------+----------------------+-----
Fighting       | 4 5 6 |  6.9
Axes           | 4 5 6 7 |  7.0
Armour         | 3 4 5 6 |  6.3
Dodging        | |  1.1

Action                   |  1- 3 |  4- 6 |  7- 9 || total
-------------------------+-------+-------+-------++-------
Melee: Hand axe          |    54 |    28 |       ||    82
       Headbutt          |     5 |    25 |     4 ||    34
       War axe           |       |   146 |    33 ||   179
       Punch             |       |     1 |     1 ||     2
Throw: Throwing net      |       |       |     1 ||     1
  Use: Scroll            |     2 |     2 |     3 ||     7
       Potion            |       |     2 |       ||     2
Armor: Leather armour    |    13 |    47 |     6 ||    66
Dodge: Dodged            |    33 |   103 |    17 ||   153

Levels and vault maps discovered:
D:1:      kennysheep_arrival_seaside, layout_basic,
          ebering_ecumenical_altar_hall, minmay_misc_feat_rugged,
          amcnicky_mini_pool_small, minmay_misc_feat_plants
D:2:      layout_basic, basic_altar, hex_intersection
D:3:      layout_loops_ring, elyvilon_altar_5, serial_shops,
          nicolae_shop_statue_plus, uniq_terence, uniq_jessica
D:5:      layout_loops_ring, temple_statues,
          nicolae_ossuary_entry_false_entrances,
          hangedman_abyss_or_decor_jellyfish_corner
D:6:      layout_rooms, uniq_duvessa

Notes
Turn   | Place    | Note
-------+----------+-------------------------------------------
     0 | D:1      | ytrimaz the Minotaur Chaos Knight began the quest for the
                  | Orb.
     0 | D:1      | Reached XP level 1. HP: 19/19 MP: 0/0
     0 | D:1      | magus.rc [v1.9.6]
    17 | D:1      | You pick up a book of the Warp and begin reading...
    17 | D:1      | You add the spells Manifold Assault, Dispersal and
                  | Disjunction to your library.
    38 | D:1      | Found a faded altar of an unknown god.
   124 | D:1      | Reached XP level 2. HP: 27/27 MP: 1/1
   178 | D:1      | XOM: silly message
   191 | D:1      | XOM: polymorph rat -> iguana
   195 | D:1      | Reached skill level 4 in Fighting
   195 | D:1      | Reached skill level 4 in Axes
   195 | D:1      | Reached skill level 3 in Armour
   195 | D:1      | Reached XP level 3. HP: 33/33 MP: 2/2
   438 | D:1      | You add the spells Static Discharge, Fireball, Silence and
                  | Enfeeble to your library.
   438 | D:1      | Got Sif Muna's Catalogue of Damage Dealing and Glamour
   587 | D:1      | XOM: summons 4 hostile shadow creatures
   721 | D:2      | HP: 7/34 [gnoll/+0 flail (6)]
   723 | D:2      | Reached XP level 4. HP: 9/41 MP: 3/3
   726 | D:2      | HP: 2/41 [gnoll/+0 flail (4)]
   772 | D:2      | XOM: give mutation
   772 | D:2      | Gained mutation: Your body sometimes deteriorates upon
                  | taking damage. [Xom's mischief]
  1275 | D:2      | Found a shimmering altar of Xom.
  1474 | D:2      | Reached skill level 4 in Armour
  1607 | D:3      | Noticed Jessica
  1611 | D:3      | Killed Jessica
  1612 | D:3      | Reached XP level 5. HP: 39/47 MP: 4/4
  1648 | D:3      | Noticed Terence
  1657 | D:3      | Killed Terence
  1658 | D:3      | Reached skill level 5 in Fighting
  1658 | D:3      | Reached skill level 5 in Axes
  1780 | D:3      | Found a white marble altar of Elyvilon.
  1800 | D:3      | You pick up a book of Callings and begin reading...
  1800 | D:3      | You add the spells Summon Small Mammal, Call Canine
                  | Familiar and Summon Guardian Golem to your library.
  1977 | D:3      | XOM: 1-stop teleportation journey
  2086 | D:3      | You fall into a shaft and drop 2 floors!
  2086 | D:5      | Entered Level 5 of the Dungeon
  2161 | D:5      | XOM: give mutation
  2161 | D:5      | Gained mutation: You are weak. (Str -2) [Xom's mischief]
  2174 | D:5      | Noticed an ogre
  2183 | D:5      | Killed an ogre
  2184 | D:5      | Reached XP level 6. HP: 33/56 MP: 5/5
  2303 | D:5      | Found a staircase to the Ecumenical Temple.
  2318 | D:5      | Reached skill level 5 in Armour
  2466 | D:5      | Found a sand-covered staircase.
  2476 | Ossuary  | Entered an ossuary
  2611 | Ossuary  | Reached skill level 6 in Fighting
  2611 | Ossuary  | Reached skill level 6 in Axes
  2770 | Ossuary  | Reached XP level 7. HP: 50/63 MP: 6/6
  2771 | Ossuary  | XOM: smoke on damage
  2846 | Ossuary  | XOM: god gift: 5 stones
  3090 | D:5      | You pick up a book of the Earth and begin reading...
  3090 | D:5      | You add the spells Leda's Liquefaction, Lee's Rapid
                  | Deconstruction and Statue Form to your library.
  3248 | D:5      | XOM: silly message
  3279 | D:5      | Reached skill level 6 in Armour
  3281 | D:5      | HP: 4/64 [ogre/+0 giant club (15)]
  3284 | D:5      | Reached skill level 7 in Axes
  3668 | D:6      | XOM: butterfly on damage
  3670 | D:6      | HP: 15/64 [ogre/+0 giant spiked club (29)]
  3671 | D:6      | Mangled by an ogre

Vanquished Creatures
  2 ogres (D:5)
  A phantom (D:5)
  2 scorpions (D:5)
  2 water moccasin zombies (Ossuary)
  A hound (D:5)
  Terence (D:3)
  Jessica (D:3)
  2 iguanas
  2 mummies (Ossuary)
  5 adders
  3 gnolls (D:2)
  2 white imps (D:5)
  An ufetubus (D:5)
  6 adder zombies (Ossuary)
  A worm (D:2)
  2 dart slugs
  7 orcs
  4 ball pythons
  2 endoplasms
  A giant cockroach (D:1)
  3 goblins
  2 hobgoblins
  6 jackals
  4 kobolds
  2 quokkas (D:5)
  2 bats (D:1)
  A gnoll zombie (Ossuary)
  10 hobgoblin zombies (Ossuary)
  4 kobold zombies (Ossuary)
  8 orc zombies (Ossuary)
  2 rats
92 creatures vanquished.

Table legend:
 A = Non-vault XP
 B = Vault XP
 C = Vault XP percentage of total XP
 D = Non-vault monster count
 E = Vault monster count
 F = Vault count percentage of total count
                 A         B        C        D         E       F
            +---------+---------+-------+---------+---------+-------
      Total |     843 |     321 |  27.6 |      57 |      35 |  38.0
            +---------+---------+-------+---------+---------+-------
        D:1 |      66 |       0 |   0.0 |      16 |       0 |   0.0
        D:2 |      94 |       0 |   0.0 |      21 |       0 |   0.0
        D:3 |      27 |      75 |  73.5 |       3 |       2 |  40.0
        D:5 |     656 |       0 |   0.0 |      17 |       0 |   0.0
    Ossuary |       0 |     246 | 100.0 |       0 |      33 | 100.0
            +---------+---------+-------+---------+---------+-------

Illustrated notes

Table legend:
 A = Kills in this place as a percentage of kills in entire the game.
 B = Kills by you in this place as a percentage of kills by you in the entire game.
 C = Kills by friends in this place as a percentage of kills by friends in the entire game.
 D = Other kills in this place as a percentage of other kills in the entire game.
 E = Experience gained in this place as a percentage of experience gained in the entire game.
 F = Experience gained in this place divided by the number of levels of this place that you have seen.
                   A       B       C       D       E      F
               +-------+-------+-------+-------+-------+----------------------
         Total | 100.0 | 100.0 |   N/A |   N/A | 100.0 | 194.0
       Dungeon |  64.1 |  64.1 |   N/A |   N/A |  78.9 | 183.6
       Ossuary |  35.9 |  35.9 |   N/A |   N/A |  21.1 | 246.0
               +-------+-------+-------+-------+-------+----------------------

Table legend: (Time is in decaauts)
 A = Elapsed time spent in this place.
 B = Non-inter-level travel time spent in this place.
 C = Inter-level travel time spent in this place.
 D = Time resting spent in this place.
 E = Time spent auto-exploring this place.
 F = Levels seen in this place.
 G = Mean time per level.
                   A        B        C        D        E       F      G
               +--------+--------+--------+--------+--------+-----+--------+
         Total |   3716 |   3548 |    168 |     15 |   2700 |   6 |  619.3 |
       Dungeon |   3283 |   3115 |    168 |     15 |   2416 |   5 |  656.6 |
       Ossuary |    432 |    432 |      0 |      0 |    284 |   1 |  432.0 |
               +--------+--------+--------+--------+--------+-----+--------+

Top non-repeatable levels by time:
     D:5: 1152 daAuts
     D:2: 918 daAuts
     D:1: 698 daAuts
     D:3: 484 daAuts
 Ossuary: 432 daAuts
     D:6: 30 daAuts
